NCAA
DUKE BLUE DEVILS @ UTAH UTES
05/08/2028
 
TOP OF THE 1ST
Duke Blue Devils batting - Pitching for Utah Utes : RHP Jacob Pearson
Pitching: RHP Jacob Pearson
Batting: RHB Ronnie Starr 0-0: Foul Ball, location: 2F
0-1: Ground out 5-3 (Groundball, 56S)
Batting: LHB Cade Brown 0-0: Called Strike
0-1: Ground out U3 (Groundball, 3)
Batting: LHB Francisco Ríos 0-0: SINGLE (Line Drive, 4D)
Batting: RHB Danny Morrison 0-0: Called Strike
0-1: Ball
1-1: Called Strike
1-2: Strikes out swinging
Top of the 1st over - 0 run(s), 1 hit(s), 0 error(s), 1 left on base; Duke 0 - Utah 0
BOTTOM OF THE 1ST
Utah Utes batting - Pitching for Duke Blue Devils : RHP Edward Rush
Pitching: RHP Edward Rush
Batting: RHB Steve Welch 0-0: Ball
1-0: Called Strike
1-1: Ball
2-1: SINGLE (Flyball, 78S)
Batting: LHB Robby Bland 0-0: Ball
1-0: Ball
2-0: Called Strike
2-1: SINGLE (Groundball, 6MD)
Steve Welch to second
Runner from 2nd tries for 3rd, SAFE, throw made to third
Batting: SHB John May 0-0: Called Strike
0-1: Swinging Strike
0-2: Strikes out looking
Batting: RHB Randy Banks 0-0: Called Strike
0-1: Called Strike
0-2: Foul Ball, location: 2F
0-2: Fly out, F9 (Flyball, 9LM)
Runner from 3rd tags up, SCORES, no throw
Batting: RHB Anthony O'Bryan 0-0: Called Strike
0-1: Swinging Strike
0-2: Ball
Wild Pitch!
Robby Bland to second
1-2: Foul Ball, location: 2F
1-2: Ball
2-2: Foul Ball, location: 2F
2-2: Foul Ball, location: 2F
2-2: Ball
3-2: Base on Balls
Batting: RHB Kevin Hernández 0-0: Ball
1-0: Fly out, F5 (Line Drive, 5L)
Bottom of the 1st over - 1 run(s), 2 hit(s), 0 error(s), 2 left on base; Duke 0 - Utah 1
TOP OF THE 2ND
Duke Blue Devils batting - Pitching for Utah Utes : RHP Jacob Pearson
Batting: RHB John Conway 0-0: Ball
1-0: Ball
2-0: Fly out, F9 (Flyball, 89S)
Batting: SHB Barry Holman 0-0: Foul Ball, location: 2F
0-1: Ball
1-1: Ball
2-1: Foul Ball, location: 2F
2-2: Fly out, F6 (Popup, 56D)
Batting: LHB Shawn Henderson 0-0: Foul Ball, location: 2F
0-1: Foul Ball, location: 2F
0-2: Strikes out looking
Top of the 2nd over - 0 run(s), 0 hit(s), 0 error(s), 0 left on base; Duke 0 - Utah 1
BOTTOM OF THE 2ND
Utah Utes batting - Pitching for Duke Blue Devils : RHP Edward Rush
Batting: LHB Thad Green 0-0: Ball
1-0: Called Strike
1-1: Swinging Strike
1-2: Fly out, F6 (Popup, 56D)
Batting: SHB Carlos Mesa 0-0: Ball
1-0: Ball
2-0: Fly out, F8 (Flyball, 8LS)
Batting: SHB Jeff Mann 0-0: Ball
1-0: Called Strike
1-1: Ball
2-1: Ball
3-1: Base on Balls
Batting: RHB Steve Welch 0-0: Ball
1-0: Ball
Wild Pitch!
Jeff Mann to second
2-0: Called Strike
2-1: DOUBLE (Line Drive, 9LM)
Jeff Mann scores
Batting: LHB Robby Bland 0-0: Called Strike
0-1: Ball
1-1: Ball
2-1: Ball
3-1: Base on Balls
Batting: SHB John May 0-0: Ball
1-0: Ball
2-0: Foul Ball, location: 2F
2-1: Foul Ball, location: 2F
2-2: Ball
3-2: Base on Balls
Steve Welch to third
Robby Bland to second
Batting: RHB Randy Banks 0-0: Called Strike
0-1: Ball
1-1: SINGLE (Line Drive, 6M)
Steve Welch scores
Robby Bland to third
John May to second
Batting: RHB Anthony O'Bryan 0-0: Ball
1-0: Swinging Strike
1-1: Ball
2-1: Ball
3-1: Fielders Choice at 2nd, 5-4 (Groundball, 56)
Bottom of the 2nd over - 2 run(s), 2 hit(s), 0 error(s), 2 left on base; Duke 0 - Utah 3
TOP OF THE 3RD
Duke Blue Devils batting - Pitching for Utah Utes : RHP Jacob Pearson
Batting: RHB Bob Ferguson 0-0: Swinging Strike
0-1: Ball
1-1: Ball
2-1: Swinging Strike
2-2: Foul Ball, location: 2F
2-2: Strikes out swinging
Batting: RHB Deron McClendon 0-0: Called Strike
0-1: Ball
1-1: Fly out, F8 (Flyball, 8LD)
Batting: RHB Ronnie Starr 0-0: Ball
1-0: Called Strike
1-1: Ball
2-1: Ground out 6-3 (Groundball, 6)
Top of the 3rd over - 0 run(s), 0 hit(s), 0 error(s), 0 left on base; Duke 0 - Utah 3
BOTTOM OF THE 3RD
Utah Utes batting - Pitching for Duke Blue Devils : RHP Edward Rush
Batting: RHB Kevin Hernández 0-0: Fly out, F5 (Popup, 5D)
Batting: LHB Thad Green 0-0: Called Strike
0-1: Ball
1-1: SOLO HOME RUN (Flyball, 9D), Distance : 400 ft
Batting: SHB Carlos Mesa 0-0: Ball
1-0: Ball
2-0: Ball
3-0: Called Strike
3-1: Ground out 6-3 (Groundball, 6)
Batting: SHB Jeff Mann 0-0: Ball
1-0: Ball
2-0: Swinging Strike
2-1: Ball
3-1: Base on Balls
Batting: RHB Steve Welch 0-0: Ball
1-0: Called Strike
1-1: Foul Ball, location: 2F
1-2: Ball
2-2: Foul Ball, location: 2F
2-2: Strikes out swinging
Bottom of the 3rd over - 1 run(s), 1 hit(s), 0 error(s), 1 left on base; Duke 0 - Utah 4
TOP OF THE 4TH
Duke Blue Devils batting - Pitching for Utah Utes : RHP Jacob Pearson
Batting: LHB Cade Brown 0-0: Called Strike
0-1: Ball
1-1: Ball
2-1: Ground out 4-3 (Groundball, 4MS)
Batting: LHB Francisco Ríos 0-0: Foul Ball, location: 2F
0-1: Ball
1-1: Ball
2-1: Ball
3-1: Swinging Strike
3-2: Foul Ball, location: 2F
3-2: Base on Balls
Batting: RHB Danny Morrison 0-0: Called Strike
0-1: Ball
1-1: Grounds into double play, 6-4-3 (Groundball, 56)
Top of the 4th over - 0 run(s), 0 hit(s), 0 error(s), 0 left on base; Duke 0 - Utah 4
BOTTOM OF THE 4TH
Utah Utes batting - Pitching for Duke Blue Devils : RHP Edward Rush
Pitching: RHP Jonas Davis
Batting: LHB Robby Bland 0-0: Ball
1-0: Fly out, F4 (Line Drive, 4)
Batting: SHB John May 0-0: Foul Ball, location: 2F
0-1: Ball
1-1: Ground out 1-3 (Groundball, 15)
Batting: RHB Randy Banks 0-0: Ball
1-0: Fly out, F9 (Flyball, 9S)
Bottom of the 4th over - 0 run(s), 0 hit(s), 0 error(s), 0 left on base; Duke 0 - Utah 4
TOP OF THE 5TH
Duke Blue Devils batting - Pitching for Utah Utes : RHP Jacob Pearson
Batting: RHB John Conway 0-0: Ball
1-0: Ball
2-0: Called Strike
2-1: Fly out, F2 (Popup, 25)
Batting: SHB Barry Holman 0-0: Called Strike
0-1: Ball
1-1: Swinging Strike
1-2: Ball
2-2: Strikes out swinging
Batting: LHB Shawn Henderson 0-0: Ball
1-0: Foul Ball, location: 2F
1-1: Foul Ball, location: 2F
1-2: Foul Ball, location: 2F
1-2: Strikes out swinging
Top of the 5th over - 0 run(s), 0 hit(s), 0 error(s), 0 left on base; Duke 0 - Utah 4
BOTTOM OF THE 5TH
Utah Utes batting - Pitching for Duke Blue Devils : RHP Jonas Davis
Batting: RHB Anthony O'Bryan 0-0: Ball
1-0: Ball
2-0: Called Strike
2-1: Called Strike
2-2: Ball
3-2: Base on Balls
Batting: RHB Kevin Hernández 0-0: Ball
1-0: Foul Ball, location: 2F
1-1: Ground out 4-3 (Groundball, 34)
Anthony O'Bryan to second
Batting: LHB Thad Green 0-0: Ball
1-0: Ball
2-0: Ground out U3 (Groundball, 3)
Anthony O'Bryan to third
Batting: SHB Carlos Mesa 0-0: 2-RUN HOME RUN (Line Drive, 89XD), Distance : 430 ft
Batting: SHB Jeff Mann 0-0: SINGLE (Line Drive, 9LS)
Batting: RHB Steve Welch 0-0: Fielders Choice at 2nd, 5-4 (Groundball, 5)
Bottom of the 5th over - 2 run(s), 2 hit(s), 0 error(s), 0 left on base; Duke 0 - Utah 6
TOP OF THE 6TH
Duke Blue Devils batting - Pitching for Utah Utes : RHP Jacob Pearson
Batting: RHB Bob Ferguson 0-0: Ball
1-0: Fly out, F6 (Flyball, 6MD)
Batting: RHB Deron McClendon 0-0: Called Strike
0-1: Ball
1-1: Ball
2-1: Fly out, F8 (Line Drive, 8LM)
Batting: RHB Ronnie Starr 0-0: Ball
1-0: Foul Ball, location: 2F
1-1: Ball
2-1: Ball
3-1: Ground out 6-3 (Groundball, 6S)
Top of the 6th over - 0 run(s), 0 hit(s), 0 error(s), 0 left on base; Duke 0 - Utah 6
BOTTOM OF THE 6TH
Utah Utes batting - Pitching for Duke Blue Devils : RHP Jonas Davis
Batting: LHB Robby Bland 0-0: Ball
1-0: Foul Ball, location: 2F
1-1: Fly out, F4 (Popup, 3D)
Batting: SHB John May 0-0: Ball
1-0: Called Strike
1-1: SINGLE (Groundball, 4MD)
Batting: RHB Randy Banks 0-0: Foul Ball, location: 2F
0-1: Swinging Strike
0-2: Ball
1-2: Ball
2-2: Foul Ball, location: 2F
2-2: Foul Ball, location: 2F
2-2: Fly out, F9 (Flyball, 9LM)
Batting: RHB Anthony O'Bryan 0-0: Called Strike
0-1: Foul Ball, location: 2F
0-2: Ground out 5-3 (Groundball, 5S)
Bottom of the 6th over - 0 run(s), 1 hit(s), 0 error(s), 1 left on base; Duke 0 - Utah 6
TOP OF THE 7TH
Duke Blue Devils batting - Pitching for Utah Utes : RHP Jacob Pearson
Batting: LHB Cade Brown 0-0: Ball
1-0: Called Strike
1-1: Ball
2-1: Foul Ball, location: 2F
2-2: Ball
3-2: Base on Balls
Batting: LHB Francisco Ríos 0-0: Ball
1-0: Foul Ball, location: 2F
1-1: Swinging Strike
1-2: Reached on error, E7 (Flyball, 7S)
Cade Brown to second
Pitching: RHP Albert Cole
Batting: RHB Danny Morrison 0-0: Foul Ball, location: 2F
0-1: Called Strike
0-2: Foul Ball, location: 2F
0-2: Grounds into double play, 6-4-3 (Groundball, 6)
Cade Brown to third
Batting: RHB John Conway 0-0: Called Strike
0-1: Ball
1-1: 2-RUN HOME RUN (Line Drive, 7LD), Distance : 361 ft
Batting: SHB Barry Holman 0-0: Called Strike
0-1: Ball
1-1: Called Strike
1-2: Ground out 5-3 (Groundball, 56S)
Top of the 7th over - 2 run(s), 1 hit(s), 1 error(s), 0 left on base; Duke 2 - Utah 6
BOTTOM OF THE 7TH
Utah Utes batting - Pitching for Duke Blue Devils : RHP Jonas Davis
Batting: RHB Kevin Hernández 0-0: Called Strike
0-1: Ball
1-1: Ball
2-1: Ball
3-1: Fly out, F9 (Flyball, 9S)
Batting: LHB Thad Green 0-0: Swinging Strike
0-1: Hit by Pitch
Batting: SHB Carlos Mesa 0-0: Foul Ball, location: 2F
0-1: Foul Ball, location: 2F
0-2: Fly out, F7 (Flyball, 7)
Batting: SHB Jeff Mann 0-0: Called Strike
0-1: Ball
1-1: Swinging Strike
1-2: Ball
2-2: Ball
3-2: Base on Balls
Thad Green to second
Batting: RHB Steve Welch 0-0: Ball
1-0: Ball
2-0: Fielders Choice at 2nd, 6-4 (Groundball, 6)
Bottom of the 7th over - 0 run(s), 0 hit(s), 0 error(s), 1 left on base; Duke 2 - Utah 6
TOP OF THE 8TH
Duke Blue Devils batting - Pitching for Utah Utes : RHP Albert Cole
Batting: LHB Shawn Henderson 0-0: Ball
1-0: Ball
2-0: Foul Ball, location: 2F
2-1: SINGLE (Flyball, 9S)
Batting: RHB Bob Ferguson 0-0: Foul Ball, location: 2F
0-1: Ball
1-1: Ball
2-1: Swinging Strike
2-2: Ball
3-2: Strikes out swinging
Batting: RHB Deron McClendon 0-0: SINGLE (Groundball, 56D)
Shawn Henderson to second
Batting: RHB Ronnie Starr 0-0: Called Strike
0-1: Ball
1-1: Fly out, F9 (Flyball, 9S)
Pitching: LHP Franklin O'Morchoe
Batting: LHB Cade Brown 0-0: Called Strike
0-1: Ball
1-1: Called Strike
1-2: Ball
2-2: Strikes out looking
Top of the 8th over - 0 run(s), 2 hit(s), 0 error(s), 2 left on base; Duke 2 - Utah 6
BOTTOM OF THE 8TH
Utah Utes batting - Pitching for Duke Blue Devils : RHP Jonas Davis
Pitching: LHP Paul Carson
Batting: LHB Robby Bland 0-0: Called Strike
0-1: SINGLE (Line Drive, 3D)
Batting: SHB John May 0-0: Fly out, F8 (Flyball, 89M)
Batting: RHB Randy Banks 0-0: Fly out, F6 (Popup, 6D)
Batting: RHB Anthony O'Bryan 0-0: Ball
1-0: Ball
2-0: Ball
3-0: Called Strike
3-1: Base on Balls
Robby Bland to second
Batting: RHB Kevin Hernández 0-0: Fly out, F9 (Flyball, 9)
Bottom of the 8th over - 0 run(s), 1 hit(s), 0 error(s), 2 left on base; Duke 2 - Utah 6
TOP OF THE 9TH
Duke Blue Devils batting - Pitching for Utah Utes : LHP Franklin O'Morchoe
Pitching: RHP Jeff Pope
Batting: LHB Francisco Ríos 0-0: Foul Ball, location: 2F
0-1: Ball
1-1: Foul Ball, location: 2F
1-2: Ball
2-2: Foul Ball, location: 2F
2-2: Foul Ball, location: 2F
2-2: Strikes out looking
Batting: RHB Danny Morrison 0-0: Called Strike
0-1: Ball
1-1: Ball
2-1: SOLO HOME RUN (Flyball, 7LD), Distance : 361 ft
Batting: RHB John Conway 0-0: Swinging Strike
0-1: Foul Ball, location: 2F
0-2: Ball
1-2: Foul Ball, location: 2F
1-2: Foul Ball, location: 2F
1-2: Ground out 6-3 (Groundball, 6)
Batting: SHB Barry Holman 0-0: Foul Ball, location: 2F
0-1: Foul Ball, location: 2F
0-2: Ball
1-2: Ball
2-2: Fly out, F8 (Flyball, 8LD)
Top of the 9th over - 1 run(s), 1 hit(s), 0 error(s), 0 left on base; Duke 3 - Utah 6
Tuesday, August 8th, 2017 - OOTP Baseball 17.12 Build 75